 Dungeon Crawl Stone Soup version 0.21.0-3-g78d12a8 (webtiles) character file.

152 pokedragonboy the Conjurer (level 5, -4/28 HPs)
             Began as a Deep Elf Conjurer on Jan 17, 2018.
             Slain by an iguana (11 damage)
             ... on level 4 of the Dungeon.
             The game lasted 00:07:05 (2691 turns).

pokedragonboy the Conjurer (Deep Elf Conjurer)      Turns: 2691, Time: 00:07:06

Health: -4/28      AC:  4    Str:  5    XL:     5   Next: 11%
Magic:  0/13       EV: 13    Int: 21    God:
Gold:   99         SH:  0    Dex: 15    Spells: 2/12 levels left

rFire    . . .     SeeInvis .   e - -1 short sword (curse)
rCold    + . .     Gourm    .   (no shield)
rNeg     . . .     Faith    .   q - +0 robe {rC+}
rPois    .         Spirit   .   (no helmet)
rElec    .         Reflect  .   g - +0 cloak
rCorr    .         Harm     .   (no gloves)
MR       .....                  y - +0 pair of boots
Stlth    ++........             (no amulet)
HPRegen  0.09/turn              (no ring)
MPRegen  0.13/turn              (no ring)

@: no status effects
A: no striking features
a: no special abilities


You were on level 4 of the Dungeon.
You were not hungry.

You visited 1 branch of the dungeon, and saw 4 of its levels.

You collected 99 gold pieces.

Inventory:

Hand Weapons
 e - a cursed -1 short sword (weapon)
 s - a +4 whip
Missiles
 m - 5 curare-tipped needles
Armour
 g - a +0 cloak (worn)
 q - a +0 robe of cold resistance (worn)
 y - a +0 pair of boots (worn)
Jewellery
 j - an uncursed ring of protection from cold {unknown}
 r - an uncursed ring of see invisible {unknown}
Scrolls
 a - a scroll of blinking {unknown}
 d - a scroll of amnesia {unknown}
 h - a scroll of enchant armour {unknown}
 i - a scroll of fog
 n - a scroll of random uselessness {unknown}
 u - a scroll of noise {unknown}
 w - a scroll of fear {unknown}
 x - 2 scrolls of enchant weapon {unknown}
 z - a scroll of remove curse {unknown}
 A - a scroll of teleportation {unknown}
Potions
 f - a potion of haste {unknown}
 k - 2 potions of might {unknown}
 l - 3 potions of curing
 o - a potion of flight {unknown}
 p - a potion of heal wounds {unknown}
 t - 2 potions of degeneration {unknown}
 v - 2 potions of invisibility {unknown}
Books
 b - a book of Conjurations

   Spells                             Type                      Level
   a - Magic Dart                     Conjuration                  1
   b - Searing Ray                    Conjuration                  2
   c - Dazzling Spray                 Conjuration/Hexes            3
   d - Fulminant Prism                Conjuration/Hexes            4
   e - Force Lance                    Conjuration/Translocation    4
   f - Iskenderun's Mystic Blast      Conjuration                  4
Comestibles
 c - 7 rations


   Skills:
 - Level 2.4 Dodging
 - Level 2.4 Stealth
 + Level 4.4 Spellcasting
 * Level 6.0 Conjurations
 * Level 2.4 Hexes


You had 2 spell levels left.
You knew the following spells:

 Your Spells              Type           Power        Failure   Level  Hunger
a - Magic Dart            Conj           ####         1%          1    None
b - Searing Ray           Conj           ####..       1%          2    #......
c - Dazzling Spray        Conj/Hex       ###...       6%          3    ##.....
d - Fulminant Prism       Conj/Hex       ###.......   21%         4    ####...


Dungeon Overview and Level Annotations

Branches:
Dungeon (4/15)
 Temple: D:4-7

Altars:


Message History

Pain shoots through your body!
Casting: Searing Ray
Confirm with . or Enter, or press ? or * to list all spells.
Aiming: Searing Ray
Press: ? - help, Shift-Dir - straight line, f/p - iguana
Aim: an iguana (heavily wounded)
The searing ray hits the iguana.
The iguana is severely wounded. (Press . to maintain the ray.)
The iguana completely misses you.
The searing ray hits the iguana.
The iguana is severely wounded.
The iguana bites you!
* * * LOW HITPOINT WARNING * * *
The searing ray misses the iguana.
The searing ray misses the shadow imp.
The iguana barely misses you.
The searing ray misses the iguana.
The searing ray hits the shadow imp.
The shadow imp is severely wounded.
You finish channeling your searing ray.
The iguana bites you!
You die...

#..5..+
#..#.#
#.....#
##.#.#
#.....##
#....
#......#
##.##
######.#
#..
#######.#
..###.#
.......5#
......
.......l#
#.##..
.......@#
#.....
........#
#####.
........#
#######
........#
.......
.##.....#
#######
###.###
#...# #.
#.#.# #.
#.#.##
#.#...


You could see an iguana and a shadow imp.

Vanquished Creatures
  A hound (D:4)
  An iguana (D:3)
  An ooze (D:2)
  A worm (D:3)
  2 dart slugs
  5 leopard geckos
  4 orcs (D:3)
  7 bats
  8 giant cockroaches
  7 goblins
  9 hobgoblins
  3 jackals (D:1)
  6 kobolds
  2 quokkas
  4 ball pythons
  7 frilled lizards
  4 rats
72 creatures vanquished.

Notes
Turn   | Place    | Note
-------+----------+-------------------------------------------
     0 | D:1      | pokedragonboy the Deep Elf Conjurer began the quest for the Orb.
     0 | D:1      | Reached XP level 1. HP: 10/10 MP: 6/6
   251 | D:1      | Reached XP level 2. HP: 15/15 MP: 2/8
   372 | D:1      | Reached skill level 5 in Conjurations
   599 | D:1      | Learned a level 2 spell: Searing Ray
   610 | D:1      | Reached XP level 3. HP: 16/19 MP: 0/10
  1361 | D:2      | Learned a level 3 spell: Dazzling Spray
  1554 | D:3      | Reached XP level 4. HP: 24/24 MP: 9/12
  1662 | D:3      | Reached skill level 1 in Hexes
  1993 | D:3      | Learned a level 4 spell: Fulminant Prism
  2650 | D:4      | Reached skill level 6 in Conjurations
  2650 | D:4      | Reached XP level 5. HP: 28/28 MP: 3/13
  2691 | D:4      | Slain by an iguana

Skill      XL: |  1  2  3  4 |
---------------+-------------+-----
Conjurations   | 5 6 |  6.0
Spellcasting   | 4 |  4.4
Hexes          | 2 |  2.4
Dodging        | |  2.4
Stealth        | |  2.4

Action                   |  1- 3 |  4- 6 || total
-------------------------+-------+-------++-------
Melee: Short sword       |    12 |       ||    12
 Cast: Magic Dart        |    83 |    29 ||   112
       Dazzling Spray    |       |     3 ||     3
       Searing Ray       |       |     5 ||     5
  Use: Scroll            |     1 |     2 ||     3
  Eat: Chunk             |     2 |     3 ||     5
Armor: Robe              |     6 |     2 ||     8
Dodge: Dodged            |     9 |     8 ||    17
